TOP OF THE 1ST |
Billings Polar Bears batting - Pitching for Atlantic City Sonics : RHP Jesús Guerra
|
Pitching: RHP Jesús Guerra
|
|
Batting: RHB Matt Roloff
|
0-0: Ground out 4-3 (Groundball, 4M)
|
Batting: RHB Jorge Díaz
|
0-0: Ball 1-0: Called Strike 1-1: Ball 2-1: Called Strike 2-2: Strikes out swinging
|
Batting: LHB Homer Spence
|
0-0: Ball 1-0: Ball 2-0: SINGLE (Groundball, 6MD)
|
Batting: LHB Rubén Ruíz
|
0-0: Ball 1-0: Ball 2-0: Ball 3-0: Base on Balls Homer Spence to second
|
Batting: RHB Lúcio Marín
|
0-0: Ball 1-0: Swinging Strike 1-1: Foul Ball, location: 2F 1-2: Ball 2-2: Fielders Choice at 2nd, 6-4 (Groundball, 6)
|
Top of the 1st over - 0 run(s), 1 hit(s), 0 error(s), 1 left on base; Billings 0 - Atlantic City 0 |
BOTTOM OF THE 1ST |
Atlantic City Sonics batting - Pitching for Billings Polar Bears : RHP Horatio Leguizamo
|
Pitching: RHP Horatio Leguizamo
|
|
Batting: RHB José López
|
0-0: SINGLE (Line Drive, 4MD)
|
Batting: SHB Sam Quint
|
0-0: Ball 1-0: SINGLE (Line Drive, 89M) José López to second
|
Batting: LHB José Rodríguez
|
0-0: Foul Ball, location: 2F 0-1: Called Strike 0-2: Ball Wild Pitch! José López to third Sam Quint to second 1-2: Ball 2-2: Ball 3-2: Fly out, F6 (Popup, 5D)
|
Batting: LHB Manoo Satyavrat
|
0-0: Foul Ball, location: 2F 0-1: Ball 1-1: Ball 2-1: Fly out, F8 (Flyball, 8LS)
|
Batting: RHB Julián García
|
0-0: Ball 1-0: Ball 2-0: Foul Ball, location: 2F 2-1: Ball 3-1: Foul Ball, location: 2F 3-2: Fly out, F7 (Flyball, 78M)
|
Bottom of the 1st over - 0 run(s), 2 hit(s), 0 error(s), 2 left on base; Billings 0 - Atlantic City 0 |
TOP OF THE 2ND |
Billings Polar Bears batting - Pitching for Atlantic City Sonics : RHP Jesús Guerra
|
Batting: LHB Víctor Fortis
|
0-0: Called Strike 0-1: Ball 1-1: Called Strike 1-2: Foul Ball, location: 2F 1-2: Ball 2-2: Ball 3-2: Ground out 4-3 (Groundball, 4)
|
Batting: RHB Fernando Trinidad
|
0-0: Called Strike 0-1: Ball 1-1: Called Strike 1-2: Foul Ball, location: 2F 1-2: Strikes out swinging
|
Batting: RHB Nathan Landrum
|
0-0: Ball 1-0: Reached on error, E6 (Groundball, 6)
|
Batting: RHB José Machado
|
0-0: Called Strike 0-1: Ball 1-1: SINGLE (Groundball, 6MD) Nathan Landrum to second
|
Batting: RHB Matt Roloff
|
0-0: Called Strike 0-1: Ball 1-1: Ball 2-1: Foul Ball, location: 2F 2-2: Ground out 1-3 (Groundball, P)
|
Top of the 2nd over - 0 run(s), 1 hit(s), 1 error(s), 2 left on base; Billings 0 - Atlantic City 0 |
BOTTOM OF THE 2ND |
Atlantic City Sonics batting - Pitching for Billings Polar Bears : RHP Horatio Leguizamo
|
Batting: RHB Kent Summey
|
0-0: Ball 1-0: Ball 2-0: Called Strike 2-1: Foul Ball, location: 2F 2-2: SINGLE (Groundball, 6MD)
|
Batting: LHB Todd Blankenburg
|
0-0: Ball 1-0: Foul Ball, location: 2F 1-1: Foul Ball, location: 2F 1-2: Grounds into double play, 4-6-3 (Groundball, 4)
|
Batting: RHB Senior Pond
|
0-0: Ball 1-0: Called Strike 1-1: Called Strike 1-2: Strikes out swinging
|
Bottom of the 2nd over - 0 run(s), 1 hit(s), 0 error(s), 0 left on base; Billings 0 - Atlantic City 0 |
TOP OF THE 3RD |
Billings Polar Bears batting - Pitching for Atlantic City Sonics : RHP Jesús Guerra
|
Batting: RHB Jorge Díaz
|
0-0: Called Strike 0-1: Foul Ball, location: 2F 0-2: Ground out 6-3 (Groundball, 6)
|
Batting: LHB Homer Spence
|
0-0: Called Strike 0-1: Ball 1-1: Ball 2-1: Ball 3-1: Base on Balls
|
Batting: LHB Rubén Ruíz
|
0-0: Called Strike 0-1: Foul Ball, location: 2F 0-2: Ball 1-2: Ball 2-2: Ball 3-2: Foul Ball, location: 2F 3-2: SINGLE (Groundball, 4D) Homer Spence to second Homer Spence to third
|
Batting: RHB Lúcio Marín
|
Pickoff Throw to First - Out! 0-0: Ball 1-0: Ball 2-0: Ball 3-0: Called Strike 3-1: Called Strike 3-2: Strikes out swinging
|
Top of the 3rd over - 0 run(s), 1 hit(s), 0 error(s), 1 left on base; Billings 0 - Atlantic City 0 |
BOTTOM OF THE 3RD |
Atlantic City Sonics batting - Pitching for Billings Polar Bears : RHP Horatio Leguizamo
|
Pitching: RHP Isei Sugimoto
|
|
Batting: RHB Gianpaolo Monachino
|
0-0: Called Strike 0-1: Swinging Strike 0-2: Ball 1-2: Strikes out swinging
|
Batting: RHB José López
|
0-0: Ball 1-0: Called Strike 1-1: Foul Ball, location: 2F 1-2: Ground out 6-3 (Groundball, 6)
|
Batting: SHB Sam Quint
|
0-0: Ball 1-0: Foul Ball, location: 2F 1-1: Foul Ball, location: 2F 1-2: Foul Ball, location: 2F 1-2: Ball 2-2: SOLO HOME RUN (Line Drive, 9D), Distance : 390 ft
|
Batting: LHB José Rodríguez
|
0-0: Called Strike 0-1: Foul Ball, location: 2F 0-2: Strikes out looking
|
Bottom of the 3rd over - 1 run(s), 1 hit(s), 0 error(s), 0 left on base; Billings 0 - Atlantic City 1 |
TOP OF THE 4TH |
Billings Polar Bears batting - Pitching for Atlantic City Sonics : RHP Jesús Guerra
|
Batting: LHB Víctor Fortis
|
0-0: Swinging Strike 0-1: Ball 1-1: Foul Ball, location: 2F 1-2: Fly out, F8 (Flyball, 8RM)
|
Batting: RHB Fernando Trinidad
|
0-0: Ball 1-0: Ball 2-0: Called Strike 2-1: Ball 3-1: Fly out, F9 (Flyball, 9LS)
|
Batting: RHB Nathan Landrum
|
0-0: Ball 1-0: Called Strike 1-1: Called Strike 1-2: Fly out, F8 (Flyball, 8LS)
|
Top of the 4th over - 0 run(s), 0 hit(s), 0 error(s), 0 left on base; Billings 0 - Atlantic City 1 |
BOTTOM OF THE 4TH |
Atlantic City Sonics batting - Pitching for Billings Polar Bears : RHP Isei Sugimoto
|
Batting: LHB Manoo Satyavrat
|
0-0: Foul Ball, location: 2F 0-1: Ball 1-1: Swinging Strike 1-2: Strikes out swinging
|
Batting: RHB Julián García
|
0-0: SINGLE (Groundball, 34D)
|
Batting: RHB Kent Summey
|
0-0: Ball 1-0: Ball 2-0: Swinging Strike 2-1: SINGLE (Line Drive, 8RS) Julián García to second
|
Batting: LHB Todd Blankenburg
|
0-0: Ball 1-0: Ball 2-0: Ball 3-0: Called Strike 3-1: Fly out, F7 (Flyball, 78M)
|
Pitching: RHP José Maestas
|
|
Batting: RHB Senior Pond
|
0-0: Ball 1-0: Foul Ball, location: 2F 1-1: Ball 2-1: Ball 3-1: Fly out, F9 (Flyball, 9)
|
Bottom of the 4th over - 0 run(s), 2 hit(s), 0 error(s), 2 left on base; Billings 0 - Atlantic City 1 |
TOP OF THE 5TH |
Billings Polar Bears batting - Pitching for Atlantic City Sonics : RHP Jesús Guerra
|
Batting: RHB José Machado
|
0-0: Swinging Strike 0-1: Ball 1-1: Ball 2-1: Swinging Strike 2-2: Ground out 5-3 (Groundball, 56S)
|
Batting: RHB Matt Roloff
|
0-0: Called Strike 0-1: Ball 1-1: Fly out, F2 (Popup, 34S)
|
Batting: RHB Jorge Díaz
|
0-0: Ball 1-0: Called Strike 1-1: Ball 2-1: Fly out, F6 (Line Drive, 6)
|
Top of the 5th over - 0 run(s), 0 hit(s), 0 error(s), 0 left on base; Billings 0 - Atlantic City 1 |
BOTTOM OF THE 5TH |
Atlantic City Sonics batting - Pitching for Billings Polar Bears : RHP José Maestas
|
Batting: RHB Gianpaolo Monachino
|
0-0: Ball 1-0: Ball 2-0: Foul Ball, location: 2F 2-1: Ball 3-1: Foul Ball, location: 2F 3-2: Base on Balls
|
Batting: RHB José López
|
0-0: Sac Bunt - play at first, batter OUT! 1-4 Gianpaolo Monachino to second
|
Batting: SHB Sam Quint
|
0-0: Ball 1-0: Called Strike 1-1: SINGLE (Flyball, 7LS) Gianpaolo Monachino to third
|
Batting: LHB José Rodríguez
|
0-0: Ball 1-0: Foul Ball, location: 2F 1-1: Swinging Strike 1-2: Ball 2-2: Foul Ball, location: 2F 2-2: Foul Ball, location: 2F 2-2: Ball 3-2: TRIPLE (Line Drive, 34D) Gianpaolo Monachino scores Sam Quint scores
|
Batting: LHB Manoo Satyavrat
|
0-0: Foul Ball, location: 2F 0-1: Foul Ball, location: 2F 0-2: Ball 1-2: Ball 2-2: Foul Ball, location: 2F 2-2: Fly out, F8 (Flyball, 8LS)
|
Batting: RHB Julián García
|
0-0: Called Strike 0-1: Swinging Strike 0-2: Strikes out looking
|
Bottom of the 5th over - 2 run(s), 2 hit(s), 0 error(s), 1 left on base; Billings 0 - Atlantic City 3 |
TOP OF THE 6TH |
Billings Polar Bears batting - Pitching for Atlantic City Sonics : RHP Jesús Guerra
|
Batting: LHB Homer Spence
|
0-0: Ball 1-0: Ball 2-0: SINGLE (Flyball, 89S) - OUT at second base trying to stretch hit.
|
Batting: LHB Rubén Ruíz
|
0-0: Called Strike 0-1: Swinging Strike 0-2: Ball 1-2: Ball 2-2: Foul Ball, location: 2F 2-2: Ball 3-2: Base on Balls
|
Pitching: LHP Nees Bogermans
|
|
Batting: RHB Lúcio Marín
|
0-0: Foul Ball, location: 2F 0-1: Ball 1-1: Foul Ball, location: 2F 1-2: Strikes out swinging
|
Batting: LHB Víctor Fortis
|
0-0: Ball 1-0: Called Strike 1-1: Foul Ball, location: 2F 1-2: Ball 2-2: Ball 3-2: Strikes out looking
|
Top of the 6th over - 0 run(s), 1 hit(s), 0 error(s), 1 left on base; Billings 0 - Atlantic City 3 |
BOTTOM OF THE 6TH |
Atlantic City Sonics batting - Pitching for Billings Polar Bears : RHP José Maestas
|
Pitching: RHP Wyatt Meek
|
|
Batting: RHB Kent Summey
|
0-0: Foul Ball, location: 2F 0-1: Ball 1-1: Ground out 6-3 (Groundball, 6)
|
Batting: LHB Todd Blankenburg
|
0-0: Swinging Strike 0-1: Ball 1-1: Ground out 4-3 (Groundball, 4)
|
Batting: RHB Senior Pond
|
0-0: Foul Ball, location: 2F 0-1: Foul Ball, location: 2F 0-2: SINGLE (Groundball, 6) (infield hit)
|
Batting: RHB Gianpaolo Monachino
|
0-0: Ball Senior Pond steals 2nd base 1-0: SINGLE (Flyball, 9LS) Senior Pond to third Runner from 3rd tries for Home, SAFE, no throw
|
Batting: RHB José López
|
0-0: Ball 1-0: Ball 2-0: Ball 3-0: Base on Balls Gianpaolo Monachino to second
|
Batting: SHB Sam Quint
|
0-0: Called Strike 0-1: SINGLE (Line Drive, 4MD) Gianpaolo Monachino to third José López to second Runner from 3rd tries for Home, SAFE, throw made at trailing runner, SAFE at third!
|
Pitching: LHP Seihaci Igarachi
|
|
Batting: LHB José Rodríguez
|
0-0: Called Strike 0-1: Ball 1-1: Ball 2-1: Called Strike 2-2: Strikes out swinging
|
Bottom of the 6th over - 2 run(s), 3 hit(s), 0 error(s), 2 left on base; Billings 0 - Atlantic City 5 |
TOP OF THE 7TH |
Billings Polar Bears batting - Pitching for Atlantic City Sonics : LHP Nees Bogermans
|
Batting: RHB Fernando Trinidad
|
0-0: SINGLE (Flyball, 8RS)
|
Batting: RHB Nathan Landrum
|
Pickoff Throw to First - Out! 0-0: Swinging Strike 0-1: Called Strike 0-2: Ball 1-2: Foul Ball, location: 2F 1-2: Strikes out swinging
|
Batting: RHB José Machado
|
0-0: Swinging Strike 0-1: Fly out, F5 (Flyball, 56D)
|
Top of the 7th over - 0 run(s), 1 hit(s), 0 error(s), 0 left on base; Billings 0 - Atlantic City 5 |
BOTTOM OF THE 7TH |
Atlantic City Sonics batting - Pitching for Billings Polar Bears : LHP Seihaci Igarachi
|
Batting: LHB Manoo Satyavrat
|
0-0: Ball 1-0: Ball 2-0: Swinging Strike 2-1: Ball 3-1: Reached on error, E3 (Groundball, 34)
|
Batting: RHB Julián García
|
0-0: 2-RUN HOME RUN (Flyball, 89XD), Distance : 422 ft
|
Batting: RHB Kent Summey
|
0-0: Ball 1-0: Called Strike 1-1: Foul Ball, location: 2F 1-2: Ball 2-2: Ball 3-2: Foul Ball, location: 2F 3-2: Ground out U3 (Groundball, 3L)
|
Batting: LHB Todd Blankenburg
|
0-0: Called Strike 0-1: Foul Ball, location: 2F 0-2: Ball 1-2: Fly out, F7 (Line Drive, 7S)
|
Batting: RHB Senior Pond
|
0-0: Ball 1-0: Ball 2-0: Ball 3-0: Base on Balls
|
Batting: RHB Gianpaolo Monachino
|
0-0: Called Strike 0-1: Ball 1-1: Foul Ball, location: 2F 1-2: Ball 2-2: Strikes out looking
|
Bottom of the 7th over - 2 run(s), 1 hit(s), 1 error(s), 1 left on base; Billings 0 - Atlantic City 7 |
TOP OF THE 8TH |
Billings Polar Bears batting - Pitching for Atlantic City Sonics : LHP Nees Bogermans
|
Now at 1B: Russ Hanneman
|
|
Pinch Hitting: RHB Vicente Quezada
|
0-0: Ground out 6-3 (Groundball, 6)
|
Batting: RHB Jorge Díaz
|
0-0: Foul Ball, location: 2F 0-1: Ball 1-1: Ball 2-1: SINGLE (Groundball, 56S) (infield hit)
|
Batting: LHB Homer Spence
|
0-0: Called Strike 0-1: Ground out 5-3 (Groundball, 56S) Jorge Díaz to second
|
Batting: LHB Rubén Ruíz
|
0-0: Called Strike 0-1: Foul Ball, location: 2F 0-2: Strikes out swinging
|
Top of the 8th over - 0 run(s), 1 hit(s), 0 error(s), 1 left on base; Billings 0 - Atlantic City 7 |
BOTTOM OF THE 8TH |
Atlantic City Sonics batting - Pitching for Billings Polar Bears : LHP Seihaci Igarachi
|
Pitching: RHP Jesús Orozco
|
|
Now in LF: Vicente Quezada
|
|
Batting: RHB José López
|
0-0: Ball 1-0: Ball 2-0: Ground out 1-3 (Groundball, P)
|
Batting: SHB Sam Quint
|
0-0: DOUBLE (Flyball, 9)
|
Batting: LHB José Rodríguez
|
0-0: Fly out, F5 (Popup, 5S)
|
Batting: LHB Manoo Satyavrat
|
0-0: Ball Wild Pitch! Sam Quint to third 1-0: Ball 2-0: Foul Ball, location: 2F 2-1: Fly out, F1 (Line Drive, 15)
|
Bottom of the 8th over - 0 run(s), 1 hit(s), 0 error(s), 1 left on base; Billings 0 - Atlantic City 7 |
TOP OF THE 9TH |
Billings Polar Bears batting - Pitching for Atlantic City Sonics : LHP Nees Bogermans
|
Now at SS: Jorge Figueroa
|
|
Batting: RHB Lúcio Marín
|
0-0: Called Strike 0-1: Swinging Strike 0-2: Ball 1-2: Strikes out swinging
|
Batting: LHB Víctor Fortis
|
0-0: Called Strike 0-1: Ball 1-1: Ball 2-1: Fly out, F7 (Flyball, 7LD)
|
Batting: RHB Fernando Trinidad
|
0-0: Called Strike 0-1: Ball 1-1: Swinging Strike 1-2: SOLO HOME RUN (Flyball, 7D), Distance : 382 ft
|
Batting: RHB Nathan Landrum
|
0-0: Swinging Strike 0-1: Ball 1-1: Called Strike 1-2: Foul Ball, location: 2F 1-2: Strikes out swinging
|
Top of the 9th over - 1 run(s), 1 hit(s), 0 error(s), 0 left on base; Billings 1 - Atlantic City 7 |
|